 Dungeon Crawl Stone Soup version 0.27-a0-1308-gc08437e49b (webtiles) character file.

Game seed: 7696270586917083795

174 Wyvernaa the Shield-Bearer (level 5, -11/46 HPs)
             Began as a Minotaur Fighter on June 18, 2021.
             Killed by nerve-wracking pain
             ... invoked by Grinder
              (14 damage)
             ... on level 3 of the Dungeon.
             The game lasted 00:05:23 (2403 turns).

Wyvernaa the Shield-Bearer (Minotaur Fighter)       Turns: 2403, Time: 00:05:24

Health: -11/46     AC:  9    Str: 20 (22) XL:     5   Next: 28%
Magic:  4/4        EV:  7    Int:  3 (5)  God:
Gold:   128        SH:  9    Dex:  6 (9)  Spells: 4/4 levels left

rFire    . . .     SeeInvis .   a - +0 flail
rCold    + . .     Faith    .   c - +0 kite shield
rNeg     . . .     Spirit   .   b - +1 scale mail
rPois    .         Reflect  .   (helmet restricted)
rElec    .         Harm     .   (no cloak)
rCorr    .         Rampage  .   (no gloves)
Will     .....                  e - +0 pair of boots
Stlth    ..........             (no amulet)
HPRegen  0.15/turn              (no ring)
MPRegen  0.09/turn              (no ring)

@: no status effects
A: horns 2, retaliatory headbutt, cold resistance 1
a: no special abilities


You were on level 3 of the Dungeon.
You visited 1 branch of the dungeon, and saw 3 of its levels.

You collected 128 gold pieces.

Inventory:

Hand Weapons
 a - a +0 flail (weapon)
Missiles
 h - 2 atropa-tipped darts (quivered)
Armour
 b - a +1 scale mail (worn)
 c - a +0 kite shield (worn)
 e - a +0 pair of boots (worn)
 i - a +0 tower shield
 l - a +0 plate armour
Jewellery
 j - an amulet of faith


   Skills:
 + Level 4.2 Fighting
 * Level 3.5 Maces & Flails
 + Level 4.5 Armour
 + Level 0.3 Dodging
 + Level 0.1 Stealth
 * Level 5.7 Shields


You had 4 spell levels left.
You didn't know any spells.
Your spell library was empty.

Dungeon Overview and Level Annotations

Branches:
Dungeon (3/15)

Altars:

Annotations:
D:3 3 runed translucent doors, Grinder; atabob's ghost, weakling DrCj


Innate Abilities, Weirdness & Mutations

You have a pair of horns on your head.
You reflexively headbutt those who attack you in melee.
Your flesh is cold resistant. (rC+)


Message History

Grinder is lightly wounded.
Grinder hits you.
You writhe in agony.
You closely miss Grinder.
Grinder is lightly wounded.
You block Grinder's attack. x2
You barely miss Grinder. You headbutt Grinder.
Grinder is moderately wounded.
Grinder hits you.
You writhe in agony.
It was a potion of degeneration.
There was something very wrong with that liquid.
You feel weakened.
You feel dopey.
You feel clumsy. Grinder says, "Are you a fish?" Grinder hits you!
You barely miss Grinder.
Grinder is moderately wounded.
You block Grinder's attack.
You hit Grinder. Your headbutt misses Grinder.
Grinder is moderately wounded.
Grinder says, "Wait up."
Grinder blinks!
Grinder hits you!
You writhe in agony.
* * * LOW HITPOINT WARNING * * *
You hit Grinder.
Grinder is heavily wounded.
Grinder hits you!
* * * LOW HITPOINT WARNING * * *
You writhe in agony.
* * * LOW HITPOINT WARNING * * *
You hit Grinder. Your headbutt misses Grinder.
Grinder is heavily wounded.
You block Grinder's attack. Grinder hits you but does no damage.
You aren't carrying any scrolls.
You sock Grinder!
Grinder is severely wounded.
Grinder hits you but does no damage.
You barely miss Grinder. Your headbutt misses Grinder.
Grinder is severely wounded.
Grinder gestures at you. Pain shoots through your body!
You die...

####..#.#####...?... #####
.................. .....
####..#.#####.#.###.# #.#####
####................. .......
...............#### .#####
.###.......##..# #
...#.......##..# #
...........##..####.#.... #
...........##...@5.....##.#.#####
..........................#......
.............................####
.....#.....#.....####.###.#.#####
.....####.##.....# # #........
.#.#.# #. #.#.#.# #.#.#.#.# .# .
#.#.#.# #.###...#.... .. .^.....
............. .# . ####...#.#.#


You could see Grinder.

Vanquished Creatures
  Jessica (D:1)
  Natasha (thrice) (D:2)
  2 adders (D:2)
  3 endoplasms
  A giant cockroach (D:2)
  3 goblins
  5 hobgoblins
  11 jackals (D:1)
  4 kobolds
  4 quokkas
  5 ball pythons
  2 bats
  5 frilled lizards
  6 rats
55 creatures vanquished.

Notes
Turn   | Place    | Note
-------+----------+-------------------------------------------
     0 | D:1      | Wyvernaa the Minotaur Fighter began the quest for the Orb.
     0 | D:1      | Reached XP level 1. HP: 19/19 MP: 0/0
     2 | D:1      | You fall into a shaft and drop 1 floor!
    97 | D:1      | Reached XP level 2. HP: 9/27 MP: 1/1
   320 | D:1      | Reached skill level 4 in Shields
   483 | D:1      | Reached XP level 3. HP: 33/33 MP: 2/2
   619 | D:1      | Found a faded altar of an unknown god.
   752 | D:2      | Noticed Jessica
   759 | D:1      | Killed Jessica
   979 | D:2      | Reached XP level 4. HP: 38/40 MP: 3/3
  1020 | D:2      | Noticed Natasha
  1028 | D:2      | Killed Natasha
  1029 | D:2      | Reached skill level 5 in Shields
  1110 | D:2      | Noticed Natasha
  1136 | D:2      | Gained mutation: Your flesh is cold resistant. (rC+)
                  | [potion of mutation]
  1137 | D:2      | HP: 1/40 [Natasha/magic dart (2)]
  1450 | D:2      | Killed Natasha
  1568 | D:2      | Reached XP level 5. HP: 46/46 MP: 4/4
  1705 | D:2      | Noticed Natasha
  1713 | D:2      | Killed Natasha
  1814 | D:3      | Noticed Grinder
  1818 | D:3      | Paralysed by Grinder for 6 turns
  2040 | D:3      | Found a runed translucent gate.
  2041 | D:3      | Found a runed translucent gate.
  2043 | D:3      | Found a runed translucent gate.
  2074 | D:3      | Noticed atabob's ghost (weakling DrCj)
  2400 | D:3      | HP: 2/46 [Grinder (3)]
  2403 | D:3      | Killed from afar by Grinder

Illustrated notes

Levels and vault maps discovered:
D:1:      beargit_arrival_greenhouse, layout_rooms,
          hellmonk_ecumenical_altar_blasted
D:2:      layout_rooms, kennysheep_minor_cross, minmay_pentomino_t4,
          uniq_jessica, uniq_natasha
D:3:      layout_basic, gammafunk_ghost_icy, uniq_grinder

Skill      XL: |  1  2  3  4 |
---------------+-------------+-----
Shields        | 4 5 |  5.7
Armour         | 4 |  4.5
Fighting       | 4 |  4.2
Maces & Flails | 3 |  3.5
Dodging        | |  0.3
Stealth        | |  0.1

Action                   |  1- 3 |  4- 6 || total
-------------------------+-------+-------++-------
Melee: Flail             |    68 |    72 ||   140
       Headbutt          |     6 |    10 ||    16
  Use: Potion            |     1 |     3 ||     4
       Scroll            |       |     3 ||     3
Armor: Scale mail        |    43 |    25 ||    68
Dodge: Dodged            |    26 |    20 ||    46
Block: Kite shield       |    56 |    29 ||    85

Table legend: (Time is in decaauts)
 A = Elapsed time spent in this place.
 B = Non-inter-level travel time spent in this place.
 C = Inter-level travel time spent in this place.
 D = Time resting spent in this place.
 E = Time spent auto-exploring this place.
 F = Levels seen in this place.
 G = Mean time per level.
                   A        B        C        D        E       F      G
               +--------+--------+--------+--------+--------+-----+--------+
         Total |   2475 |   2415 |     60 |    477 |   1320 |   3 |  825.0 |
       Dungeon |   2475 |   2415 |     60 |    477 |   1320 |   3 |  825.0 |
               +--------+--------+--------+--------+--------+-----+--------+

Top non-repeatable levels by time:
     D:1: 1066 daAuts
     D:2: 856 daAuts
     D:3: 551 daAuts
